 Dungeon Crawl Stone Soup version 0.30-a0-1043-g60ff8d5f49 (webtiles) character file.

Game seed: 13292485052895365048

758 dialectric the Covered (level 7, -2/43 HPs)
             Began as a Gargoyle Fighter on Apr 9, 2023.
             Was an Initiate of Okawaru.
             Slain by a gnoll
             ... wielding a +0 flail
             ... led by a gnoll bouda
              (7 damage)
             ... on level 5 of the Dungeon.
             The game lasted 00:05:57 (3826 turns).

dialectric the Covered (Gargoyle Fighter)           Turns: 3826, Time: 00:05:57

Health: -2/43      AC: 13    Str: 20    XL:     7   Next: 80%
Magic:  7/7        EV: 10    Int:  8    God:    Okawaru [......]
Gold:   170        SH:  0    Dex: 11    Spells: 6/6 levels left

rFire   . . .      SeeInvis .    r - +0 lajatang
rCold   . . .      Faith    .    (shield currently unavailable)
rNeg    + + .      Spirit   .    b - +1 scale mail
rPois   ∞          Reflect  .    (no helmet)
rElec   +          Rampage  .    (no cloak)
rCorr   .                        (no gloves)
Will    .....                    (no boots) Stlth
                                 (no amulet)
HPRegen 0.27/turn                f - ring of positive energy
MPRegen 0.10/turn                (no ring)

@: no status effects
A: sickness immunity, AC +4, negative energy resistance 1, electricity
resistance, torment resistance 1, petrification resistance
a: Renounce Religion


You were on level 5 of the Dungeon.
You worshipped Okawaru.
Okawaru was noncommittal.
You visited 2 branches of the dungeon, and saw 6 of its levels.
You also visited: Sewer.

You collected 170 gold pieces.

Inventory:

Hand Weapons
 a - a +1 long sword
 r - a +0 lajatang (weapon)
 t - a +1 flail of protection
Armour
 b - a +1 scale mail (worn)
 c - a +0 buckler
 s - a +0 plate armour
Jewellery
 f - a ring of positive energy (left hand)
 A - a ring of wizardry
Scrolls
 e - 2 scrolls of enchant armour
 j - 2 scrolls of identify
 k - a scroll of fear
 l - 2 scrolls of summoning {unknown}
 n - 3 scrolls of vulnerability {unknown}
 p - 2 scrolls of enchant weapon
 q - 3 scrolls of teleportation {unknown}
 u - 4 scrolls of poison {unknown}
 w - a scroll of amnesia {unknown}
 x - 2 scrolls of noise {unknown}
 y - a scroll of magic mapping {unknown}
 z - a scroll of torment {unknown}
Potions
 d - a potion of might
 g - a potion of invisibility {unknown}
 h - a potion of mutation {unknown}
 i - a potion of magic {unknown}
 m - a potion of degeneration
 o - 5 potions of curing {unknown}
 v - 3 potions of heal wounds {unknown}
 B - a potion of flight {unknown}


   Skills:
 + Level 4.1 Fighting
 - Level 4.8 Long Blades
 + Level 3.5 Staves
 + Level 6.1 Armour
 - Level 1.0 Dodging
 - Level 3.3 Shields


You had 6 spell levels left.
You didn't know any spells.
Your spell library contained the following spells:

 Spells                   Type           Power      Damage    Failure   Level
 Beastly Appendage        Tmut           0%         N/A       75%         1
 Kiss of Death            Conj/Necr      0%         2d5       75%         1
 Wereblood                Tmut           0%         N/A       86%         2
 Confusing Touch          Hex            0%         N/A       98%         3
 Spider Form              Tmut/Pois      0%         N/A       98%         3
 Dispel Undead            Necr           0%         3d6       100%        4
 Petrify                  Tmut/Erth      0%         N/A       100%        4
 Borgnjor's Vile Clutch   Necr/Erth      0%         N/A       100%        5
 Irradiate                Conj/Tmut      0%         3d11      100%        5
 Sublimation of Blood     Necr           Unusable   N/A       N/A         2
 Animate Dead             Necr           Unusable   N/A       N/A         4
 Death Channel            Necr           Unusable   N/A       N/A         6

Dungeon Overview and Level Annotations

Branches:
Dungeon (5/15)             Temple (1/1) D:4           Sewer (visited)

Altars:
Ashenzari
Dithmenos
Fedhas
Gozag
Hepliaklqana
Kikubaaqudgha
Okawaru
Qazlal
Ru
Sif Muna
Uskayaw
Wu Jian

Shops:
D:4 *

Annotations:
D:4 3 runed translucent doors, kougar's ghost, amateur MiFi


Innate Abilities, Weirdness & Mutations

You are immune to sickness and miasma.
Your stone body is resilient. (AC +4)
You are immune to poison.
You resist negative energy. (rN+)
You are resistant to electric shocks. (rElec)
You are resistant to unholy torment.
You are immune to petrification.


Message History

No target in view!
No target in view!
No target in view!
No target in view!
No target in view!
No target in view!
Search for what [? for help]? arm A gnoll bouda is nearby!
A gnoll bouda is nearby!
A gnoll bouda is nearby!
The gnoll bouda shouts!
You hear a shout!
The gnoll bouda gazes fiercely through you!
You feel your attacks grow feeble.
The gnoll shouts!
The gnoll bouda barks out a call to the hunt!
The gnoll picks up the pace!
You hear a shout!
The gnoll shouts!
The gnoll bouda hits you with a +0 club.
The gnoll hits you from afar with a +0 spear!
You barely miss the gnoll bouda. The gnoll closely misses you.
You hit the gnoll bouda.
The gnoll bouda is lightly wounded.
The gnoll bouda hits you but does no damage.
The gnoll hits you from afar with a +0 spear.
You are too injured to fight recklessly!
You are too injured to fight recklessly!
You are too injured to fight recklessly!
You are too injured to fight recklessly!
Unknown command.
The gnoll attacks as you move away! The gnoll hits you with a +0 flail.
The gnoll barely misses you.
The gnoll bouda hits you with a +0 club.
* * * LOW HITPOINT WARNING * * *
The gnoll bouda attacks as you move away!
The gnoll bouda hits you with a +0 club.
* * * LOW HITPOINT WARNING * * *
Your attacks no longer feel as feeble.
The gnoll hits you with a +0 flail!
You die...

#....)(#....##...........#......
#......#....##...........#...<..
#.....)#....##........##.#......
####.###....#......##.######g...
#####...######......##......g..##
........# #......###....g.####
..###...######...................
#........#......###.........#
.##........#).@g..# #..........
............#..g...# #######....
..###..........gg...# ######
#...............# ......
#.............### #....###
#........###..# #.......
........#####..# #....##.
######..........##### ##....##.
#..............###....##..


You could see a gnoll bouda and 3 gnolls.

Vanquished Creatures
  Grinder (D:4)
  Edmund (D:4)
  A water moccasin (D:4)
  A black bear (D:5)
  An orc priest (D:5)
  2 gnolls
  6 adders
  4 river rats (Sewer)
  A white imp (D:5)
  2 worms
  A dart slug (D:1)
  6 orcs
  9 ball pythons
  5 bats
  9 endoplasms
  9 giant cockroaches
  A goblin (D:3)
  6 hobgoblins
  9 jackals
  3 kobolds
  6 quokkas
  7 frilled lizards
  2 rats (Sewer)
  A spectral kobold (D:1)
94 creatures vanquished.

Notes
Turn   | Place    | Note
-------+----------+-------------------------------------------
     0 | D:1      | dialectric the Gargoyle Fighter began the quest for the
                  | Orb.
     0 | D:1      | Reached XP level 1. HP: 14/14 MP: 1/1
   117 | D:1      | Reached XP level 2. HP: 19/19 MP: 2/2
   127 | D:1      | Found a faded altar of an unknown god.
   395 | D:1      | Reached XP level 3. HP: 24/24 MP: 3/3
  1533 | D:3      | Found a glowing drain.
  1556 | D:3      | Reached XP level 4. HP: 24/29 MP: 4/4
  1557 | Sewer    | Entered a sewer
  1776 | Sewer    | Reached skill level 1 in Dodging
  1776 | Sewer    | Reached XP level 5. HP: 33/33 MP: 5/5
  2013 | D:3      | Reached skill level 4 in Armour
  2066 | D:4      | Noticed Edmund
  2077 | D:4      | Killed Edmund
  2078 | D:4      | Reached skill level 1 in Staves
  2078 | D:4      | Reached XP level 6. HP: 14/38 MP: 6/6
  2178 | D:4      | Noticed Grinder
  2207 | D:4      | Killed Grinder
  2208 | D:4      | Reached skill level 5 in Armour
  2208 | D:4      | Reached XP level 7. HP: 36/43 MP: 7/7
  2285 | D:4      | Found a runed translucent gate.
  2285 | D:4      | Found a runed translucent gate.
  2285 | D:4      | Found a runed translucent gate.
  2286 | D:4      | Found an opulent altar of Gozag.
  2303 | D:4      | Noticed kougar's ghost (amateur MiFi)
  2308 | D:4      | Found Moliep Guot's Serpentskin Sales.
  2375 | D:4      | Found a staircase to the Ecumenical Temple.
  2784 | D:4      | Found a hazy altar of Hepliaklqana.
  2784 | D:4      | Found an ancient bone altar of Kikubaaqudgha.
  2792 | D:4      | Found a faded altar of an unknown god.
  2794 | D:4      | Found a shimmering blue altar of Sif Muna.
  2796 | D:4      | Found a broken altar of Ashenzari.
  2857 | Temple   | Entered the Ecumenical Temple
  2863 | Temple   | Became a worshipper of Warmaster Okawaru
  3350 | D:5      | Entered Level 5 of the Dungeon
  3440 | D:5      | Reached skill level 6 in Armour
  3826 | D:5      | Slain by a gnoll

Illustrated notes

Levels and vault maps discovered:
D:1:      amcnicky_arrival_abandoned_market, layout_basic,
          dreamdust_ecumenical_altar_drowned_temple
D:2:      layout_basic, lemuel_flame_loot_1
D:3:      layout_basic, gup_sewer_entry_pipe
D:4:      nicolae_cairo_tiling_very_big, layout_rooms,
          chequers_temple_overflow_minitemple,
          minmay_temple_entry_gardened_gates, ebering_ghost_gozag,
          guppyfry_shop_venom, uniq_grinder, uniq_edmund
D:5:      layout_basic, demons_altar
Temple:   eino_narrow_crystal_temple

Skill      XL: |  1  2  3  4  5  6  7 |
---------------+----------------------+-----
Long Blades    | 2 3 4 |  4.8
Fighting       | 4 |  4.1
Dodging        | 1 |  1.0
Armour         | 4 5 6 |  6.1
Staves         | 1 3 |  3.5
Shields        | |  3.3

Action                     |  1- 3 |  4- 6 |  7- 9 || total
---------------------------+-------+-------+-------++-------
  Melee: Long sword        |   139 |    84 |       ||   223
         Punch             |     1 |       |       ||     1
         Lajatang          |       |    22 |    98 ||   120
    Use: Scroll            |     1 |     1 |     2 ||     4
         Potion            |       |     3 |       ||     3
 Armour: Scale mail        |    83 |    83 |    64 ||   230
  Dodge: Dodged            |    85 |    71 |    69 ||   225

Table legend: (Time is in decaauts)
 A = Elapsed time spent in this place.
 B = Non-inter-level travel time spent in this place.
 C = Inter-level travel time spent in this place.
 D = Time resting spent in this place.
 E = Time spent auto-exploring this place.
 F = Levels seen in this place.
 G = Mean time per level.
                   A        B        C        D        E       F      G
               +--------+--------+--------+--------+--------+-----+--------+
         Total |   3977 |   3878 |     99 |     46 |   2799 |   7 |  568.1 |
       Dungeon |   3517 |   3424 |     93 |     46 |   2508 |   5 |  703.4 |
        Temple |     12 |      6 |      6 |      0 |      0 |   1 |   12.0 |
         Sewer |    447 |    447 |      0 |      0 |    290 |   1 |  447.0 |
               +--------+--------+--------+--------+--------+-----+--------+

Top non-repeatable levels by time:
     D:4: 993 daAuts
     D:1: 901 daAuts
     D:3: 613 daAuts
     D:2: 573 daAuts
   Sewer: 447 daAuts
     D:5: 436 daAuts
  Temple: 12 daAuts
